 Dungeon Crawl Stone Soup version 0.21-a0-442-g848f44b (webtiles) character file.

18 slep the Magician (level 2, -6/21 HPs)
             Began as a Demonspawn Wanderer on Nov 14, 2017.
             Mangled by a gnoll
             ... wielding a +0 flail
              (8 damage)
             ... on level 2 of the Dungeon.
             The game lasted 00:03:12 (638 turns).

slep the Magician (Demonspawn Wanderer)              Turns: 638, Time: 00:03:12

Health: -6/21      AC:  3    Str:  9    XL:     2   Next: 48%
Magic:  6/6        EV:  6    Int: 18    God:
Gold:   19         SH:  0    Dex: 10    Spells: 8/8 levels left

rFire    . . .     SeeInvis .   c - +0 falchion
rCold    . . .     Gourm    .   (no shield)
rNeg     . . .     Faith    .   a - +0 leather armour
rPois    .         Spirit   .   (no helmet)
rElec    .         Reflect  .   (no cloak)
rCorr    .         Harm     .   (no gloves)
MR       .....                  (no boots)
Stlth    +.........             (no amulet)
HPRegen  0.07/turn              (no ring)
MPRegen  0.10/turn              (no ring)

@: held
A: hooves 1
a: no special abilities


You were on level 2 of the Dungeon.
You were not hungry.

You visited 1 branch of the dungeon, and saw 2 of its levels.

You collected 19 gold pieces.

Inventory:

Hand Weapons
 c - a +0 falchion (weapon)
Missiles
 b - 2 throwing nets (quivered)
Armour
 a - a +0 leather armour (worn)
Scrolls
 i - a scroll of identify {unknown}
 m - a scroll of noise {unknown}
Potions
 e - a potion of flight {unknown}
 g - a potion of curing {unknown}
 h - a potion of lignification {unknown}
 j - a potion of might {unknown}
 k - a potion of resistance {unknown}
 l - a potion of haste {unknown}
Books
 d - the Disquisition on the Snowflakes

   Spells                             Type                      Level
   a - Throw Frost                    Conjuration/Ice              2
   b - Ensorcelled Hibernation        Hexes/Ice                    2
Comestibles
 f - 2 bread rations


   Skills:
 + Level 1.1 Fighting
 + Level 1.2 Long Blades
 + Level 0.1 Armour
 + Level 1.0 Dodging
 + Level 0.2 Stealth
   Level 1.7 Shields
 + Level 3.5 Spellcasting
   Level 1.0 Hexes
   Level 1.0 Fire Magic


You had 8 spell levels left.
You didn't know any spells.

Dungeon Overview and Level Annotations

Branches:
Dungeon (2/15)

Altars:


Innate Abilities, Weirdness & Mutations

You have large cloven feet.


Message History

You open the door.
There is an open door here.
There is an open door here.
There is a stone staircase leading down here.
You climb downwards. 3 gnolls come into view.
The gnoll shouts! x3
Found a leatherbound book and a mace.
There is a stone staircase leading up here.
The gnoll throws a throwing net.
The throwing net hits you.
You become entangled in the net!
The gnoll hits you from afar with a halberd.
You can't do that while held in a net.
You struggle against the net.
You struggle against the net.
The gnoll barely misses you.
You struggle against the net.
The gnoll hits you!
The gnoll hits you from afar with a halberd!
* * * LOW HITPOINT WARNING * * *
The gnoll hits you with a flail!
You die...

#.# ##.####
#.....#
#.....# .###
#.....#
.....#.....#
#...ggg.#
#.@...#
#.....#
#...:.#
#..)..#
#.....#
#######


You could see 3 gnolls.

Vanquished Creatures
  2 leopard geckos (D:1)
  3 bats (D:1)
  A giant cockroach (D:1)
  6 goblins (D:1)
  A kobold (D:1)
  A rat (D:1)
14 creatures vanquished.

Notes
Turn   | Place    | Note
-------+----------+-------------------------------------------
     0 | D:1      | slep the Demonspawn Wanderer began the quest for the Orb.
     0 | D:1      | slep set off with: a +0 leather armour, 2 throwing nets, a +0 falchion, the Disquisition on the Snowflakes, a bread ration
     0 | D:1      | Reached XP level 1. HP: 15/15 MP: 4/4
   249 | D:1      | Gained mutation: You have large cloven feet. [demonic ancestry]
   249 | D:1      | Reached XP level 2. HP: 21/21 MP: 6/6
   638 | D:2      | Mangled by a gnoll

Vault maps used:
D:1:      denvon_arrival_planthouse
D:2:      cheibrodos_old_hovel, lemuel_round_altar, first_bread,
          wad_floor_pattern_1

Action                   || total
-------------------------++-------
Melee: Falchion          ||    42
       Kick              ||     2
Armor: Leather armour    ||    17
Dodge: Dodged            ||    40
       Rpst.: Falchion   ||    13

Table legend:
 A = Spawn XP
 B = Non-spawn XP
 C = Spawn XP percentage of total XP
 D = Spawn monster count
 E = Non-spawn monster count
 F = Spawn count percentage of total count
 G = Total turns spent on level
                    A         B        C        D         E        F      G
               +---------+---------+-------+---------+---------+-------+---------
         Total |       0 |      26 |   0.0 |       0 |      14 |   0.0 |   638
               +---------+---------+-------+---------+---------+-------+---------
           D:1 |       0 |      26 |   0.0 |       0 |      14 |   0.0 |   634
               +---------+---------+-------+---------+---------+-------+---------
